 Dungeon Crawl Stone Soup version 0.28.0-45-g0d030f2227 (webtiles) character file.

Game seed: 3167699691973570097

90 MisterFreud the Skirmisher (level 4, -4/38 HPs)
             Began as a Palentonga Fighter on Apr 1, 2022.
             Slain by a gnoll
             ... wielding a +0 club
              (5 damage)
             ... on level 3 of the Dungeon.
             The game lasted 00:01:55 (2121 turns).

MisterFreud the Skirmisher (Palentonga Fighter)     Turns: 2121, Time: 00:01:56

Health: -4/38      AC:  6    Str: 22    XL:     4   Next: 32%
Magic:  4/4        EV:  7    Int:  8    God:
Gold:   81         SH:  4    Dex:  9    Spells: 3/3 levels left

rFire   . . .      SeeInvis +   a - +0 flail
rCold   . . .      Faith    .   c - +0 buckler
rNeg    . . .      Spirit   .   b - +0 scale mail
rPois   .          Reflect  .   (no helmet)
rElec   .          Harm     .   (no cloak)
rCorr   .          Rampage  .   (no gloves)
Will    .....                   (no barding)
Stlth   ..........              (no amulet)
HPRegen 0.12/turn               (no ring)
MPRegen 0.09/turn               (no ring)

@: no status effects
A: large, rugged brown scales 3, see invisible, deformed body, roll 1, armoured
tail
a: Rolling Charge


You were on level 3 of the Dungeon.
You visited 1 branch of the dungeon, and saw 3 of its levels.

You collected 81 gold pieces.

Inventory:

Hand Weapons
 a - a +0 flail (weapon)
Missiles
 f - 2 javelins
Armour
 b - a +0 scale mail (worn)
 c - a +0 buckler (worn)
Scrolls
 e - 3 scrolls of vulnerability {unknown}
 i - 2 scrolls of teleportation {unknown}
 j - a scroll of immolation {unknown}
 l - a scroll of noise {unknown}
 m - 4 scrolls of amnesia {unknown}
 n - a scroll of identify {unknown}
 p - a scroll of blinking {unknown}
Potions
 d - a potion of might
 g - a potion of brilliance {unknown}
 h - a potion of heal wounds {unknown}
 k - a potion of mutation {unknown}
 o - a potion of haste {unknown}


   Skills:
 + Level 3.6 Fighting
 + Level 2.8 Maces & Flails
 + Level 3.0 Armour
 + Level 3.0 Shields


You had 3 spell levels left.
You didn't know any spells.
Your spell library contained the following spells:

 Spells                   Type           Power      Damage    Failure   Level
 Sandblast                Erth           0%         2d4       80%         1
 Passwall                 Tmut/Erth      0%         N/A       91%         2
 Stone Arrow              Conj/Erth      0%         3d7       99%         3


Dungeon Overview and Level Annotations

Branches:
Dungeon (3/15)

Altars:
Qazlal
Wu Jian


Innate Abilities, Weirdness & Mutations

You are completely covered in rugged brown scales. (AC +3, +7% HP)
You have supernaturally acute eyesight. (SInv)
Armour fits poorly on your strangely shaped body.
You can roll at nearby foes to attack.
You have a long armoured tail.


Message History

You kill the frilled lizard!
The gnoll hits you but does no damage.
Unknown command.
Found a glowing peridot amulet.
Found a stone staircase leading down.
You sock the adder!
The adder is almost dead.
The adder bites you but does no damage. x2
You closely miss the adder.
The adder is almost dead.
You block the adder's attack. The adder bites you but does no damage.
You barely miss the adder.
The adder is almost dead.
The adder bites you but does no damage. x2
You barely miss the adder.
The adder is almost dead.
The adder bites you.
You are poisoned.
The adder poisons you!
You hit the adder.
You kill the adder!
You feel sick.
Your Armour skill increases to level 3!
Your Shields skill increases to level 3!
You hit the gnoll.
You tail-slap the gnoll, but do no damage.
The gnoll is moderately wounded.
You feel sick. The gnoll hits you with a +0 club.
* * * LOW HITPOINT WARNING * * *
You hit the gnoll.
The gnoll is heavily wounded.
You feel sick. The gnoll closely misses you.
You barely miss the gnoll.
The gnoll is heavily wounded.
You feel sick.
You are no longer poisoned.
The gnoll hits you with a +0 club.
* * * LOW HITPOINT WARNING * * *
The gnoll hits you with a +0 club.
You die...

........# #..##.#
#####.# ##). .####.###
#..##.#######.####...
...S..#
#..##................
#######
##..#####.####.####...
#"..# #.#...........
#...# #.#.##########
#...# #.#.##...#...#
##..#####.#.##._...8.#
#..g@.......#...#...#
#.####.###..######.##
#. #.# #.##.8.#...# #>
#.###.##......8# #.
#.>...##...#...# ..
###.#.###'###### ##
##.#.##..###..#
#...........[.<
#.########.####


You could see a gnoll.

Vanquished Creatures
  4 adders
  A gnoll (D:3)
  2 dart slugs
  2 ball pythons
  2 bats
  An endoplasm (D:1)
  5 giant cockroaches
  3 goblins
  4 hobgoblins (D:1)
  2 jackals (D:1)
  3 quokkas
  4 frilled lizards
  5 kobolds
  2 rats (D:1)
40 creatures vanquished.

Vanquished Creatures (others)
  7 plants (D:1)
7 creatures vanquished.

Grand Total: 47 creatures vanquished

Notes
Turn   | Place    | Note
-------+----------+-------------------------------------------
     0 | D:1      | MisterFreud the Palentonga Fighter began the quest for the
                  | Orb.
     0 | D:1      | Reached XP level 1. HP: 19/19 MP: 1/1
   159 | D:1      | Reached XP level 2. HP: 25/25 MP: 2/2
   549 | D:1      | Reached XP level 3. HP: 28/31 MP: 3/3
  1520 | D:2      | Found a faded altar of an unknown god.
  1901 | D:3      | Found an ornate altar of the Wu Jian Council.
  1973 | D:3      | Found a stormy altar of Qazlal.
  1995 | D:3      | Reached XP level 4. HP: 16/37 MP: 4/4
  2121 | D:3      | HP: 1/38 [gnoll/+0 club (5)]
  2121 | D:3      | Slain by a gnoll

Illustrated notes

Levels and vault maps discovered:
D:1:      tarquinn_simple_flora_water_d, layout_rooms, minmay_misc_feat_rugged,
          serial_bayou_lake_a
D:2:      layout_loops_corners, nicolae_ecumenical_lake_church
D:3:      layout_loops_ring, nicolae_wu_jian_immortal_techniques,
          grunt_qazlal_clouds, mrwooster_statue_mirror, kennysheep_potato,
          uniq_natasha

Skill      XL: |  1  2  3  4 |
---------------+-------------+-----
Armour         | 3 |  3.0
Shields        | 3 |  3.0
Fighting       | |  3.6
Maces & Flails | |  2.8

Action                   |  1- 3 |  4- 6 || total
-------------------------+-------+-------++-------
Melee: Flail             |    91 |    21 ||   112
       Tailslap          |     7 |     1 ||     8
 Abil: Rolling Charge    |    10 |       ||    10
Armor: Scale mail        |    33 |    10 ||    43
Dodge: Dodged            |    34 |     6 ||    40
Block: Buckler           |    19 |     9 ||    28
